 Dungeon Sprint DCSS version 0.21.1-1-g345015f (webtiles) character file.

633 Fang the Fighter (level 7, -1/79 HPs)
             Began as a Gargoyle Berserker on May 17, 2018.
             Was a High Priest of Trog.
             Slain by an air elemental (4 damage)
             ... in the Dungeon (Sprint V: "Ziggurat Sprint").
             The game lasted 00:02:02 (266 turns).

Fang the Fighter (Gargoyle Berserker)                Turns: 266, Time: 00:02:03

Health: -1/79      AC: 22    Str: 34    XL:     7   Next: 49%
Magic:  2/2        EV: 11    Int:  7    God:    Trog [*****.]
Gold:   0          SH:  0    Dex:  9    Spells: 6/6 levels left

rFire    . . .     SeeInvis .   B - +2 battleaxe (antimagic)
rCold    . . .     Gourm    .   (shield currently unavailable)
rNeg     + . .     Faith    .   j - +5 shadow dragon scales
rPois    ∞         Spirit   .   (no helmet)
rElec    +         Reflect  .   (no cloak)
rCorr    .         Harm     .   (no gloves)
MR       .....     NoTele   +   (no boots)
Stlth    ..........             (no amulet)
HPRegen  0.23/turn              G - ring of flight
MPRegen  0.08/turn              F - +6 ring of strength

@: berserking (expiring), flying (expiring), very quick
A: negative energy resistance 1, electricity resistance, unbreathing,
petrification resistance, rot immunity, AC +4
a: Berserk, Trog's Hand, Brothers in Arms, Burn Spellbooks, Renounce Religion


You were in the Dungeon.
You worshipped Trog.
Trog was extremely pleased with you.
You were hungry.

You visited 1 branch

Inventory:

Hand Weapons
 l - a +5 demon trident
 B - a +2 antimagic battleaxe (weapon)
Armour
 j - +5 shadow dragon scales (worn)
Jewellery
 b - an uncursed ring of fire
 A - an uncursed ring of magical power
 F - a +6 ring of strength (right hand)
 G - a ring of flight (left hand)
Wands
 x - a wand of disintegration (7)
 y - a wand of iceblast (7)
 z - a wand of acid (7)
Scrolls
 i - 4 scrolls of blinking
 m - 7 scrolls of fog
 n - a scroll of holy word
 o - 5 scrolls of identify
 p - 5 scrolls of remove curse
 q - 2 scrolls of fear
Potions
 d - 10 potions of curing
 e - 10 potions of heal wounds
 f - 6 potions of haste
 g - 7 potions of magic
 h - 3 potions of berserk rage
 r - 2 potions of brilliance
 s - 2 potions of invisibility
 t - 4 potions of resistance
 u - a potion of experience
 v - 5 potions of agility
 w - 5 potions of might
Comestibles
 a - 5 chunks of flesh
 c - 7 rations


   Skills:
 + Level 10.4 Fighting
 + Level 8.5(9.3) Axes
 + Level 5.5(7.8) Polearms
 + Level 6.2 Armour
 + Level 4.1 Dodging
 + Level 0.8 Stealth


You had 6 spell levels left.
You didn't know any spells.

Dungeon Overview and Level Annotations

Branches:
Dungeon (1/1)

Altars:
Ashenzari
Cheibriados
Dithmenos
Elyvilon
Fedhas
Gozag
Hepliaklqana
Kikubaaqudgha
Makhleb
Nemelex Xobeh
Okawaru
Qazlal
Ru
Sif Muna
Trog
Uskayaw
Vehumet
Wu Jian
Xom
Yredelemnul
Zin
The Shining One
Beogh
Jiyva
Lugonu

Annotations:
D 1 transporter


Innate Abilities, Weirdness & Mutations

You are resistant to torment.
Your stone body is resilient. (AC +4)
You are immune to poison.
You resist negative energy. (rN+)
You are resistant to electric shocks. (rElec)
You can survive without breathing.
You are immune to petrification.
You are immune to rotting.


Message History

* * * LOW HITPOINT WARNING * * *
The air elemental hits you but does no damage.
The air elemental barely misses you. The air elemental hits you.
* * * LOW HITPOINT WARNING * * *
You are engulfed in raging winds.
The air elemental hits you but does no damage.
The air elemental hits you!
* * * LOW HITPOINT WARNING * * *
The air elemental closely misses you.
The air elemental hits you but does no damage.
Unknown command.
You slash the air elemental!
The air elemental is almost destroyed.
You completely miss the air elemental. You miss the air elemental.
You are engulfed in raging winds.
The air elemental hits you but does no damage.
The air elemental closely misses you.
The air elemental hits you but does no damage. x2
The air elemental barely misses you. The air elemental hits you.
You die...

▓.....▓.....▓.....▓
▓.....▓.....▓..©..▓
▓..©..▓.†©..▓▓▓▓▓▓▓
▓▓▓▓▓▓▓▓▓▓▓▓▓▓▓▓▓▓▓
▓..8©8...▓§§8§8§§§▓
▓...)....▓§§§§§§§§▓
▓........▓§§§§§§§§▓
▓..).....▓§§EEE§§§▓
▓..).....▓§§§@§§§§▓
▓.▓.|..▓.▓§▓§§§§▓.▓
▓...©....▓§§§§§§..▓
▓▓▓▓▓▓▓▓▓▓▓▓▓▓▓▓▓▓▓


You could see 3 air elementals.

Vanquished Creatures
  Sigmund (D)
  A steam dragon (D)
  A hell hound (D)
  A swamp drake (D)
  Blork the orc (D)
  Crazy Yiuf (D)
  Jessica (D)
  2 shadow imps (D)
  2 adder skeletons (D)
  A giant cockroach zombie (D)
  A leopard gecko zombie (D)
13 creatures vanquished.

Vanquished Creatures (others)
  2 insubstantial wisps (D)
2 creatures vanquished.

Grand Total: 15 creatures vanquished

Notes
Turn   | Place    | Note
-------+----------+-------------------------------------------
     0 | D        | Found the +6 Majin-Bo {vamp, Archmagi MP+6 Int+6}
     0 | D        | Found the +7 great mace "Firestarter" {inner flame, rF++}
     0 | D        | Fang the Gargoyle Berserker began the quest for the Orb.
     0 | D        | Reached XP level 1. HP: 14/14 MP: 1/1
     3 | D        | Found a blossoming altar of Fedhas.
     4 | D        | Found a viscous altar of Jiyva.
     4 | D        | Found a hazy altar of Hepliaklqana.
     4 | D        | Found a transporter.
     4 | D        | Found an opulent altar of Gozag.
     4 | D        | Found an ancient bone altar of Kikubaaqudgha.
     4 | D        | Found a corrupted altar of Lugonu.
    10 | D        | Found a burning altar of Makhleb.
    11 | D        | Found a stormy altar of Qazlal.
    11 | D        | Found a sacrificial altar of Ru.
    11 | D        | Found an iron altar of Okawaru.
    11 | D        | Found a deep blue altar of Sif Muna.
    11 | D        | Found a sparkling altar of Nemelex Xobeh.
    11 | D        | Found a bloodstained altar of Trog.
    73 | D        | Entered arena 2.
    73 | D        | Noticed a swamp drake
    73 | D        | Noticed a steam dragon
    73 | D        | Found a transporter.
    81 | D        | Killed a swamp drake
    81 | D        | Reached skill level 6 in Fighting
    81 | D        | Reached skill level 5 in Axes
    81 | D        | Reached skill level 1 in Polearms
    81 | D        | Reached XP level 2. HP: 23/23 MP: 2/2
    81 | D        | Reached XP level 3. HP: 28/28 MP: 3/3
    81 | D        | Reached XP level 4. HP: 32/32 MP: 4/4
    84 | D        | Killed a steam dragon
    84 | D        | Reached skill level 8 in Fighting
    84 | D        | Reached XP level 5. HP: 40/40 MP: 5/5
   109 | D        | Entered arena 3.
   109 | D        | Noticed a hell hound
   109 | D        | Found a transporter.
   115 | D        | Killed a hell hound
   115 | D        | Reached ** piety under Trog
   115 | D        | Reached skill level 9 in Fighting
   115 | D        | Reached skill level 5 in Armour
   115 | D        | Reached XP level 6. HP: 46/46 MP: 6/6
   159 | D        | Entered arena 4.
   159 | D        | Found a transporter.
   171 | D        | Reached *** piety under Trog
   188 | D        | Reached **** piety under Trog
   194 | D        | Entered arena 5.
   194 | D        | Noticed Sigmund
   194 | D        | Noticed Jessica
   194 | D        | Noticed Blork the orc
   194 | D        | Noticed Crazy Yiuf
   194 | D        | Found a transporter.
   197 | D        | Killed Crazy Yiuf
   199 | D        | Killed Blork the orc
   199 | D        | Reached XP level 7. HP: 52/52 MP: 7/7
   202 | D        | Killed Jessica
   202 | D        | Reached ***** piety under Trog
   202 | D        | Received a gift from Trog
   204 | D        | Killed Sigmund
   204 | D        | Reached skill level 10 in Fighting
   204 | D        | Reached skill level 5 in Polearms
   221 | D        | Received a gift from Trog
   259 | D        | Entered arena 6.
   259 | D        | Noticed an air elemental
   259 | D        | Noticed an air elemental
   259 | D        | Noticed an insubstantial wisp
   259 | D        | Noticed an insubstantial wisp
   259 | D        | Noticed an air elemental
   259 | D        | Found a transporter.
   262 | D        | Killed an insubstantial wisp
   263 | D        | Killed an insubstantial wisp
   265 | D        | HP: 2/79 [air elemental (8)]
   266 | D        | Slain by an air elemental

Skill      XL: |  1  2  3  4  5  6  7 |
---------------+----------------------+-----
Fighting       | 6 8 9 10 | 10.4
Axes           | 5 6 7 8 |  8.5
Polearms       | 1 3 4 5 |  5.5
Armour         | 3 4 5 6 |  6.2
Dodging        | 2 3 4 |  4.1
Stealth        | |  0.8

Action                   |  1- 3 |  4- 6 |  7- 9 || total
-------------------------+-------+-------+-------++-------
Melee: Demon trident     |     7 |    25 |     5 ||    37
       Battleaxe         |       |       |     4 ||     4
Invok: Berserk           |     1 |     2 |     1 ||     4
       Burn Spellbooks   |       |     1 |     1 ||     2
 Abil: Evoke Flight      |       |       |     1 ||     1
  Eat: Chunk             |       |       |     1 ||     1
Armor: Shadow dragon sca |     1 |    20 |     9 ||    30
Dodge: Dodged            |     2 |    18 |    13 ||    33
